 Dungeon Crawl Stone Soup version 0.23-a0-650-ga4d50d4 (webtiles) character file.

99 Amnesiac the Digger (level 4, 18/18 HPs)
             Began as a Felid Earth Elementalist on Jan 6, 2019.
             Was a Follower of Vehumet.
             Quit the game on level 3 of the Dungeon.
             The game lasted 00:08:43 (3632 turns).

Amnesiac the Digger (Felid Earth Elementalist)      Turns: 3632, Time: 00:08:44

Health: 18/18      AC:  1    Str:  4    XL:     4   Next: 45%
Magic:  11/11      EV: 18    Int: 17    God:    Vehumet [*.....]
Gold:   285        SH:  0    Dex: 17    Spells: 2/11 levels left
                                        Lives:  0   Deaths: 1

rFire    . . .     SeeInvis +   (weapon unavailable)
rCold    . . .     Gourm    .   (shield unavailable)
rNeg     . . .     Faith    .   (armour unavailable)
rPois    .         Spirit   .   (helmet unavailable)
rElec    .         Reflect  .   (cloak unavailable)
rCorr    .         Harm     .   (gloves unavailable)
MR       .....                  (boots unavailable)
Stlth    ++++......             (no amulet)
HPRegen  0.06/turn              d - ring of stealth
MPRegen  0.12/turn              (no ring)

@: quick
A: very small, no armour, no weapons or thrown items, stealth, claws 1, fangs 3,
see invisible, carnivore, speed 1, shaggy fur 1, slow metabolism 1, sharp paws
a: Renounce Religion


You were on level 3 of the Dungeon.
You worshipped Vehumet.
Vehumet was aware of your devotion.
You were not hungry.

You visited 2 branches of the dungeon, and saw 6 of its levels.

You collected 285 gold pieces.

Inventory:

Missiles
 b - 94 stones
Jewellery
 d - a ring of stealth (left paw)
Wands
 q - a wand of iceblast (8)
Scrolls
 f - 2 scrolls of identify {!r, unknown}
 g - a scroll of magic mapping {!r, unknown}
 i - 3 scrolls of blinking {!r, unknown}
 j - 3 scrolls of amnesia {!r, unknown}
 p - 2 scrolls of fear {!r, unknown}
 r - 2 scrolls of teleportation {!r, unknown}
 s - 2 scrolls of enchant armour {!r, unknown}
Potions
 a - 3 potions of haste {!q, unknown}
 e - 2 potions of flight {!q, unknown}
 h - a potion of might {!q, unknown}
 k - 2 potions of agility {!q, unknown}
 l - 3 potions of curing {!q, unknown}
 m - a potion of degeneration {!q, unknown}
 n - 2 potions of heal wounds {!q, unknown}
Comestibles
 c - 5 rations
 o - 5 chunks of flesh


   Skills:
 - Level 2.6 Dodging
 - Level 3.0 Stealth
 - Level 0.9 Unarmed Combat
 + Level 4.0 Spellcasting
 - Level 1.1 Transmutations
 - Level 4.1 Earth Magic


You had 2 spell levels left.
You knew the following spells:

 Your Spells              Type           Power        Failure   Level  Hunger
a - Sandblast             Erth           ###...       2%          1    None
b - Passwall              Tmut/Erth      ##......     9%          2    ##.....
e - Petrify               Tmut/Erth      ##......     47%         4    ####...
v - Blink                 Tloc           N/A          24%         2    ##.....

Your spell library contained the following spells:

 Spells                   Type           Power        Failure   Level  Hunger
 Shock                    Conj/Air       #...         16%         1    None
 Magic Dart               Conj           #...         16%         1    None
 Call Imp                 Summ           #.......     24%         2    ##.....
 Slow                     Hex            #.......     24%         2    ##.....
 Stone Arrow              Conj/Erth      ##....       21%         3    ###....
 Conjure Flame            Conj/Fire      #.......     43%         3    ###....
 Gell's Gravitas          Tloc           #.........   43%         3    ###....
 Mephitic Cloud           Conj/Pois/Air  #.......     43%         3    ###....
 Lee's Rapid Deconstruct  Erth           ###.......   61%         5    ######.
 Force Lance              Conj/Tloc      #.......     83%         4    ####...
 Dispersal                Tloc           #.........   100%        6    #######
 Controlled Blink         Tloc           N/A          100%        8    #######
 Disjunction              Tloc           #.........   100%        8    #######
 Portal Projectile        Hex/Tloc       Unusable     N/A         3    N/A

Dungeon Overview and Level Annotations

Branches:
Dungeon (5/15)             Temple (1/1) D:4

Altars:
Ashenzari
Dithmenos
Elyvilon
Fedhas
Hepliaklqana
Kikubaaqudgha
Makhleb
Nemelex Xobeh
Okawaru
Qazlal
Ru
Trog
Vehumet
Xom
Yredelemnul
Zin
The Shining One

Annotations:
D:4 exclusions: orc wizard and worker ant


Innate Abilities, Weirdness & Mutations

You cannot wear armour.
You are incapable of wielding weapons or throwing items.
Your paws allow you to move quietly. (Stealth)
You have sharp claws.
You have razor-sharp teeth.
You have supernaturally acute eyesight. (SInv)
You are carnivorous and can eat meat at any time.
You cover ground quickly.
You are covered in fur. (AC +1)
You have a slow metabolism.
Your sharp claws are effective at attacking unaware monsters.


Message History

a +0 mace; an orc skeleton
Things that are here:
a +0 mace; an orc skeleton You open the door.
There is an open door here.
Key pressed, stopping explore.
There is an open door here.
You now have 268 gold pieces (gained 11).
You now have 285 gold pieces (gained 17).
Some of the chunks of flesh in your inventory have rotted away.
You open the door.
Found an ancient bone altar of Kikubaaqudgha and an iron altar of Okawaru.
There is an open door here.
There is an open door here.
There is an open door here.
You see here a +0 dagger.
There is an open door here.
The orc priest is too close now for your liking.
An orc priest is nearby!
The orc priest shouts!
An orc priest comes into view. It is wielding a +0 dagger.
Casting: Sandblast (safe; 2% risk of failure)
Confirm with . or Enter, or press ? or * to list all spells.
Aiming: Sandblast (safe; 2% risk of failure)
Press: ? - help, Shift-Dir - straight line, f - orc priest
Aim: an orc priest, wielding a +2 war axe of freezing and wearing a cursed +0 The blast of sand hits the orc priest.
The orc priest is lightly wounded.
b - 96 stones The orc priest calls upon Beogh to heal the orc priest.
The orc priest's wounds heal themselves!
You hear a shout!
Unknown command.
Casting: Sandblast (safe; 2% risk of failure)
Confirm with . or Enter, or press ? or * to list all spells.
Aiming: Sandblast (safe; 2% risk of failure)
Press: ? - help, Shift-Dir - straight line, f/p - orc priest
Aim: an orc priest, wielding a +2 war axe of freezing and wearing a cursed +0 The blast of sand hits the orc priest.
The orc priest is heavily wounded.
b - 95 stones The orc priest completely misses you.
Unknown command.
Casting: Sandblast (safe; 2% risk of failure)
Confirm with . or Enter, or press ? or * to list all spells.
Aiming: Sandblast (safe; 2% risk of failure)
Press: ? - help, Shift-Dir - straight line, f/p - orc priest
Aim: an orc priest, wielding a +2 war axe of freezing and wearing a cursed +0 The blast of sand hits the orc priest.
The orc priest is almost dead.
b - 94 stones The orc priest invokes the aid of Beogh against you.
Beogh smites you!
Ouch! That really hurt!
* * * LOW HITPOINT WARNING * * *
The orc priest calls down the wrath of Beogh upon you.
Beogh smites you!
Ouch! That really hurt!
You die...
You are now level 4!
You rejoin the land of the living...
Unknown command.
You can't grasp things well enough to throw them.
Are you sure you want to abandon this character and quit the game? (Confirm

.#..........##.....#..
####.#....
.+.................#.
#..รท......
##.(._......##.....#
####.#...#
###.......#.##.#.#.#
#.##.##
##.....##.##.....#
#.##.#
##...###.####.#.#
#.##.## ##'##
#........# #...... #.#
######.### #.##.#. #)#
#@# #.##.#. ##.### #.#
#.##.#. #####.<..# #.#
#.##... .........# #.#
#.####. #####....# ###
#...... ##..#########
#.##### ##.........#
#.# ########### ..#
####


There were no monsters in sight!

Vanquished Creatures
  2 orc priests (D:3)
  A hound skeleton (D:4)
  3 adders
  3 worms (D:2)
  2 dart slugs
  3 leopard geckos
  8 orcs (D:3)
  2 ball pythons (D:2)
  7 bats
  4 giant cockroaches
  6 goblins
  5 hobgoblins
  3 jackals (D:3)
  9 kobolds
  3 quokkas
  6 frilled lizards (D:1)
  6 rats
73 creatures vanquished.

Vanquished Creatures (others)
  A frilled lizard (D:3)
1 creature vanquished.

Grand Total: 74 creatures vanquished

Notes
Turn   | Place    | Note
-------+----------+-------------------------------------------
     0 | D:1      | Amnesiac the Felid Earth Elementalist began the quest for
                  | the Orb.
     0 | D:1      | Reached XP level 1. HP: 7/7 MP: 4/4
   112 | D:1      | Reached XP level 2. HP: 6/11 MP: 4/6
   120 | D:1      | Learned a level 2 spell: Passwall
   380 | D:5      | Entered Level 5 of the Dungeon
   510 | D:5      | Found a sparkling altar of Nemelex Xobeh.
   522 | D:4      | Noticed a howler monkey
   541 | D:4      | Found a staircase to the Ecumenical Temple.
   555 | Temple   | Entered the Ecumenical Temple
   682 | D:4      | Found a radiant altar of Vehumet.
   690 | D:4      | Became a worshipper of Vehumet
   693 | D:4      | Reached XP level 3. HP: 10/14 MP: 3/8
  1777 | D:2      | Found a shadowy altar of Dithmenos.
  1816 | D:2      | Reached XP level 4. HP: 18/18 MP: 10/10
  1866 | D:2      | Learned a level 4 spell: Petrify
  1946 | D:2      | Reached * piety under Vehumet
  1946 | D:2      | Offered knowledge of Shock by Vehumet.
  2011 | D:2      | Found a hazy altar of Hepliaklqana.
  2898 | D:3      | Learned a level 2 spell: Blink
  3056 | D:3      | Reached XP level 5. HP: 20/21 MP: 7/12
  3238 | D:3      | Found a white marble altar of Elyvilon.
  3344 | D:3      | Found a bloodstained altar of Trog.
  3574 | D:3      | Found an ancient bone altar of Kikubaaqudgha.
  3574 | D:3      | Found an iron altar of Okawaru.
  3631 | D:3      | Killed from afar by an orc priest
  3632 | D:3      | Reached XP level 4. HP: -3/18 MP: 9/11
  3632 | D:3      | Quit the game

Vault maps used:
D:1:      wander_arrival_chamber
D:2:      grunt_dithmenos_smoke_and_mirrors, marbit_many_paths,
          minmay_pentomino_u2
D:3:      bloody_trog, elyvilon_altar_4, gammafunk_temple_overflow_elements,
          minmay_statues_item, grunt_decor_clamped, kennysheep_generic_room_5
D:4:      nicolae_overflow_crystal_walls, kennysheep_slug_shrine, temple_green,
          gammafunk_ghost_mausoleum, minmay_between
D:5:      first_ration, basic_altar, minmay_bent
Temple:   dpeg_chambers_temple

Skill      XL: |  1  2  3  4  5 |
---------------+----------------+-----
Stealth        | 3 |  3.0
Earth Magic    | 3 4 |  4.1
Spellcasting   | 3 4 |  4.0
Dodging        | |  2.6
Unarmed Combat | |  0.9
Transmutations | |  1.1

Action                   |  1- 3 |  4- 6 || total
-------------------------+-------+-------++-------
Melee: Unarmed           |    81 |    81 ||   162
       Bite              |     4 |     3 ||     7
 Cast: Sandblast         |    26 |    28 ||    54
       Passwall          |     1 |       ||     1
 Stab: Sleeping          |    13 |     7 ||    20
  Eat: Chunk             |     9 |     3 ||    12
Armor: Skin              |     4 |     2 ||     6
Dodge: Dodged            |    60 |    56 ||   116

Table legend:
 A = Non-vault XP
 B = Vault XP
 C = Vault XP percentage of total XP
 D = Non-vault monster count
 E = Vault monster count
 F = Vault count percentage of total count
                 A         B        C        D         E       F
            +---------+---------+-------+---------+---------+-------
      Total |     276 |       4 |   1.4 |      70 |       3 |   4.1
            +---------+---------+-------+---------+---------+-------
        D:1 |      46 |       0 |   0.0 |      28 |       0 |   0.0
        D:2 |      47 |       4 |   7.8 |      16 |       3 |  15.8
        D:3 |     156 |       0 |   0.0 |      22 |       0 |   0.0
        D:4 |      27 |       0 |   0.0 |       4 |       0 |   0.0
            +---------+---------+-------+---------+---------+-------
